 Seeded DCSS version 0.30.0 (webtiles) character file.

Game seed: 20230504 (custom seed)

65 Kazon the Chopper (level 3, -3/27 HPs)
             Began as a Demonspawn Gladiator on May 5, 2023.
             Succumbed to a goblin's poison
             ... on level 2 of the Dungeon.
             The game lasted 00:07:13 (1396 turns).

Kazon the Chopper (Demonspawn Gladiator)            Turns: 1396, Time: 00:07:14

Health: -3/27      AC:  6    Str: 19 (22) XL:     3   Next: 94%
Magic:  3/3        EV: 12    Int:  7 (9)  God:
Gold:   67         SH:  0    Dex: 11 (12) Spells: 2/2 levels left

rFire   . . .        l - +1 whip (venom)
rCold   . . .        h - orb {mayhem}
rNeg    . . .        s - +1 leather armour of the Original Sin {rElec Will- Str+6 Dex-2}
rPois   .            c - +0 helmet
rElec   +            (no cloak)
rCorr   .            m - +0 pair of gloves
SInv    .            (no boots)
Will    .....        (no amulet)
Stlth   +            (no ring)
HPRegen 0.24/turn    (no ring)
MPRegen 0.08/turn

%: mayhem
@: lethally poisoned (-3 -> -23), flying
A: demonic magic 1, weakness stinger 1
a: no special abilities


You were on level 2 of the Dungeon.
You visited 1 branch of the dungeon, and saw 2 of its levels.

You collected 67 gold pieces.

Inventory:

Hand Weapons
 a - a +0 war axe
 l - a +1 whip of venom (weapon)
Missiles
 d - 3 throwing nets
 e - a javelin
 f - 9 stones (quivered)
 k - 4 poisoned darts
Armour
 b - a +0 leather armour
 c - a +0 helmet (worn)
 h - an orb of mayhem (worn)
 m - a +0 pair of gloves (worn)
 s - the +1 leather armour of the Original Sin (worn) {rElec Will- Str+6 Dex-2}
   (You found it on level 2 of the Dungeon)

   Str:       It affects your strength (+6).
   Dex:       It affects your dexterity (-2).
   rElec:     It insulates you from electricity.
   Will:      It decreases your willpower.
Scrolls
 j - a scroll of teleportation {unknown}
 o - a scroll of magic mapping {unknown}
 p - a scroll of noise {unknown}
Potions
 g - a potion of degeneration
 n - a potion of might {unknown}
 q - a potion of attraction {unknown}
 r - a potion of brilliance {unknown}


   Skills:
 + Level 2.1 Fighting
 + Level 3.4 Axes
 + Level 0.2(2.1) Maces & Flails
 + Level 2.1 Throwing
 + Level 1.0 Armour
 + Level 3.2 Dodging


You had 2 spell levels left.
You didn't know any spells.
Your spell library contained the following spells:

 Spells                   Type           Power      Damage    Failure   Level
 Necrotise                Necr           0%         1d4       50%         1
 Vampiric Draining        Necr           0%         2d6       86%         3
 Volatile Blastmotes      Fire/Tloc      0%         2d10      86%         3
 Fulminant Prism          Conj/Hex       0%         3d5       99%         4
 Iskenderun's Mystic Bla  Conj/Tloc      0%         2d3       99%         4
 Agony                    Necr           0%         N/A       100%        5
 Lee's Rapid Deconstruct  Erth           0%         3d4*      100%        5


Dungeon Overview and Level Annotations

Branches:
Dungeon (2/15)

Altars:


Innate Abilities, Weirdness & Mutations

Spells you cast may paralyse adjacent enemies.
You have a small tail.


Message History

The kobold closely misses you.
You hit the kobold.
You kill the kobold!
The goblin flies into a frenzy!
The goblin hits you with a +0 dagger of venom.
You are poisoned.
You closely miss the goblin.
You feel sick. The goblin hits you but does no damage.
You are more poisoned.
You closely miss the goblin. You tail-slap the goblin.
The goblin is heavily wounded.
You feel very sick. The goblin barely misses you. x2
You barely miss the goblin.
The goblin is moderately wounded.
You feel sick. The goblin hits you but does no damage.
You are more poisoned.
You closely miss the goblin.
The goblin is moderately wounded.
You feel very sick.
The goblin hits you with a +0 dagger of venom.
You are lethally poisoned!
The goblin hits you but does no damage.
You are more poisoned.
You hit the goblin.
You kill the goblin!
* * * LOW HITPOINT WARNING * * *
You feel extremely sick.
Your Armour skill increases to level 1!
Unknown command.
There is a lethal amount of poison in your body!
It was a potion of degeneration.
There was something very wrong with that liquid.
You feel weakened.
You feel dopey.
You feel clumsy.
* * * LOW HITPOINT WARNING * * *
You feel very sick.
It was a potion of flight.
You feel very buoyant.
You fly up into the air.
You die...

####....## ..###.#.....# #......#
.. ......#.....+
##......##.....##.# ......#.#...#
........#...$...#.+..... #.#)..#
........#..8.8..#.#..... #..####
..###...#.......#....... ##.#
..#.....##.....# ......... #.####
..#.....##.g...##.........##.....
.........##.8.##@.......#........
....#....##...#)#.#####.#........
....#................##.#........
.....................##.#........
.....................##.#.......#
.....................##.#.......#
................#....'......†...#
................+....#..........#
...............##...#.....#...##


There were no monsters in sight!

Vanquished Creatures
  Jessica (D:2)
  A dart slug (D:1)
  3 ball pythons
  5 endoplasms (D:1)
  A giant cockroach (D:2)
  3 hobgoblins
  3 jackals (D:2)
  A quokka (D:2)
  A frilled lizard (D:1)
  6 goblins
  4 kobolds
  3 rats
32 creatures vanquished.

Vanquished Creatures (collateral kills)
  A jackal (D:2)
1 creature vanquished.

Grand Total: 33 creatures vanquished

Notes
Turn   | Place    | Note
-------+----------+-------------------------------------------
     0 | D:1      | Kazon the Demonspawn Gladiator began the quest for the Orb.
     0 | D:1      | Reached XP level 1. HP: 16/16 MP: 1/1
   225 | D:1      | Gained mutation: Spells you cast may paralyse adjacent
                  | enemies. [demonic ancestry]
   225 | D:1      | Reached XP level 2. HP: 22/22 MP: 2/2
   975 | D:2      | Noticed Jessica
   992 | D:2      | Killed Jessica
   993 | D:2      | Gained mutation: You have a small tail. [demonic ancestry]
   993 | D:2      | Reached XP level 3. HP: 10/27 MP: 3/3
  1244 | D:2      | Identified the +1 leather armour of the Original Sin {rElec
                  | Will- Str+6 Dex-2}
  1395 | D:2      | Reached skill level 1 in Armour
  1396 | D:2      | Succumbed to a goblin's poison

Illustrated notes

Levels and vault maps discovered:
D:1:      sevenhm_arrival_forest_fort_small_6, layout_basic
D:2:      layout_basic, hellmonk_ecumenical_altar_prayer_group,
          kennysheep_jessica_study

Skill      XL: |  1  2  3 |
---------------+----------+-----
Throwing       | 2 |  2.1
Axes           | 3 |  3.4
Dodging        | 3 |  3.2
Armour         | 1 |  1.0
Fighting       | |  2.1
Maces & Flails | |  0.2

Action                     || total
---------------------------++-------
  Melee: War axe           ||    29
         Whip              ||    36
         Tailslap          ||     6
  Throw: Stone             ||    17
         Dart              ||     2
    Use: Potion            ||     2
 Armour: Leather armour    ||    12
  Dodge: Dodged            ||    39
